Map: Catalyst LE

Players

Lambo

  • Race: Zerg Zerg
  • Spawn Location: 5:00

SpeCial - Winner!

  • Race: Terran Terran
  • Spawn Location: 11:00

Event: IEM Season 12 - Katowice

VOD

Have the link to the VOD?

Description

Time

  • Played on: Feb. 27, 2018, 4:54 a.m.
  • Length: 11:03

All games in this series

Show
View Real Time Build Order
Export as new Build Order

Lambo Zerg 

Build Orders: Hatch First 

Get SALT Encoding   

  12  0:00  Drone  
  13  0:13  Overlord  
  13  0:17  Drone  
  14  0:32  Drone  
  14  0:33  Drone  
  16  0:36  Drone  
  17  0:53  Hatchery  
  17  0:55  Drone  
  17  0:58  Drone  
  18  1:09  Extractor  
  17  1:13  Spawning Pool  
  17  1:16  Drone  
  17  1:20  Drone  
  18  1:29  Drone  
  19  1:43  Overlord  
  19  1:51  Drone  
  20  2:00  Queen  
  22  2:02  Zergling x2  
  22  2:05  Queen  
  22  2:06  Zergling x2  
  26  2:09  Metabolic Boost  
  26  2:13  Drone  
  27  2:17  Drone  
  28  2:23  Overlord  
  28  2:27  Drone  
  29  2:37  Drone  
  29  2:38  Drone  
  29  2:41  Spore Crawler  
  30  2:45  Queen x2  
  30  2:49  Drone  
  30  2:50  Drone  
  36  2:59  Drone  
  37  3:07  Drone x2  
  39  3:14  Overlord  
  39  3:15  Drone  
  39  3:16  Drone  
  41  3:21  Drone  
  41  3:24  Hatchery  
  41  3:26  Queen  
  43  3:33  Drone x2  
  45  3:35  Overlord  
  45  3:37  Drone  
  46  3:46  Drone x2, Zergling x2  
  49  3:51  Lair  
  49  3:52  Zergling x2  
  50  3:56  Zergling x4  
  50  3:57  Baneling Nest  
  50  3:58  Drone  
  50  4:01  Extractor, Zergling x2  
  52  4:03  Overlord  
  52  4:06  Drone  
  53  4:14  Overlord  
  53  4:21  Queen  
  53  4:24  Drone x4  
  59  4:32  Overlord  
  59  4:38  Zergling x2  
  60  4:39  Drone x3  
  60  4:41  Drone  
  60  4:44  Drone x2  
  66  4:49  Drone  
  66  4:51  Drone  
  66  4:52  Drone x2  
  70  4:58  Drone  
  70  4:59  Drone  
  72  5:02  Drone x2, Zergling x2  
  72  5:06  Drone  
  73  5:11  Zergling x6  
  73  5:12  Drone  
  72  5:14  Drone  
  72  5:19  Drone  
  71  5:23  Drone  
  71  5:26  Extractor  
  71  5:30  Drone x2, Overseer  
  71  5:32  Evolution Chamber  
  71  5:33  Evolution Chamber, Drone  
  71  5:35  Drone  
  73  5:40  Hydralisk Den  
  73  5:41  Drone  
  73  5:44  Drone  
  73  5:46  Extractor  
  73  5:47  Drone, Roach Warren  
  73  5:49  Extractor  
  72  5:50  Drone x3, Hatchery  
  72  5:54  Extractor  
  72  5:55  Drone x3  
  72  5:56  Drone  
  77  5:59  Overlord  
  77  6:00  Drone  
  77  6:02  Drone x2  
  77  6:03  Zerg Missile Weapons Level 1, Zerg Ground Armor Level 1  
  80  6:05  Overlord  
  80  6:06  Infestation Pit  
  80  6:09  Drone  
  80  6:10  Drone x2  
  82  6:15  Drone  
  80  6:18  Drone  
  80  6:19  Drone  
  80  6:22  Drone x2  
  80  6:23  Drone  
  85  6:27  Centrifical Hooks  
  85  6:31  Zergling x10  
  90  6:38  Zergling x4  
  90  6:39  Zergling x4  
  94  6:45  Hydralisk Den  
  93  6:49  Zergling x6  
  93  6:50  Hive, Zergling x2  
  93  6:52  Overlord  
  97  6:55  Overlord  
  97  6:56  Baneling x3  
  97  6:57  Baneling x8  
  96  7:01  Zergling x2  
  96  7:02  Zergling x8  
  96  7:05  Grooved Spines  
  102  7:09  Overlord  
  102  7:10  Hydralisk x3  
  108  7:16  Zergling x2  
  108  7:17  Zergling x6  
  108  7:20  Zergling x8  
  110  7:24  Drone  
  110  7:25  Drone  
  110  7:27  Drone x4  
  115  7:33  Drone x2  
  119  7:40  Zergling x10  
  112  7:44  Zergling x2  
  112  7:45  Zergling x2  
  112  7:46  Zergling x2  
  112  7:49  Zergling x2  
  112  7:50  Zergling x2  
  112  7:51  Baneling x2  
  112  7:52  Baneling x4, Zergling x4  
  112  7:53  Zergling x2  
  112  7:56  Zergling x10  
  112  7:57  Zerg Melee Weapons Level 1  
  120  7:59  Baneling x2  
  120  8:03  Zergling x2  
  113  8:06  Zergling x2  
  113  8:07  Zergling x2  
  113  8:09  Zergling x4  
  113  8:10  Zergling x2  
  110  8:15  Zergling x2  
  110  8:19  Zerg Ground Armor Level 2  
  109  8:20  Adrenal Glands  
  109  8:22  Ultralisk Cavern  
  109  8:24  Zergling x4  
  109  8:25  Baneling, Hatchery  
  109  8:26  Baneling x2  
  109  8:30  Baneling  
  109  8:31  Baneling x2  
  109  8:32  Zergling x6  
  109  8:33  Zergling x2  
  112  8:38  Drone x3  
  113  8:44  Zergling x2  
  113  8:45  Zergling x12  
  120  8:53  Overlord x2  
  120  8:55  Overlord  
  120  8:56  Overlord  
  120  8:58  Overlord  
  120  8:59  Baneling  
  120  9:01  Overlord  
  119  9:07  Overlord  
  119  9:09  Chitinous Plating  
  113  9:12  Ultralisk  
  113  9:13  Viper  
  113  9:16  Viper  
  125  9:19  Zergling x4  
  125  9:23  Viper  
  130  9:28  Ultralisk  
  136  9:34  Zergling x10  
  134  9:39  Baneling x2  
  134  9:40  Baneling x2  
  134  9:41  Zergling x8  
  134  9:44  Zergling x2  
  134  9:45  Zergling x2  
  136  9:49  Ultralisk  
  136  9:57  Ultralisk  
  138  10:01  Zergling x4  
  138  10:06  Zergling x4  
  131  10:11  Ultralisk  
  124  10:18  Zergling x2  
  124  10:19  Zergling x10  
  128  10:27  Zergling x2  
  135  10:30  Zergling x4  
  135  10:32  Zergling x2  
  138  10:36  Hydralisk x2  
  115  11:00  Hatchery  
Show
View Real Time Build Order
Export as new Build Order

SpeCial Terran - Winner!

Build Orders: Reaper Expand, Bio Tank 

Get SALT Encoding   

  12  0:00  SCV  
  13  0:12  SCV  
  14  0:17  Supply Depot  
  14  0:24  SCV  
  15  0:39  SCV  
  15  0:40  Barracks  
  16  0:43  Refinery  
  16  0:51  SCV  
  17  1:03  SCV  
  18  1:15  SCV  
  19  1:28  Reaper, Orbital Command  
  20  1:40  Command Center  
  20  1:52  Supply Depot  
  20  1:54  SCV  
  21  2:00  Marine  
  22  2:06  SCV  
  23  2:10  Factory  
  23  2:18  SCV  
  23  2:21  Refinery  
  23  2:22  Barracks Reactor  
  24  2:30  SCV  
  25  2:42  SCV  
  26  2:48  Engineering Bay  
  26  2:52  Orbital Command  
  26  2:54  SCV  
  26  2:58  Starport  
  26  3:07  SCV  
  26  3:09  Hellion x2  
  26  3:12  Barracks Tech Lab  
  31  3:18  SCV  
  31  3:19  SCV  
  33  3:30  Hellion x2, SCV  
  33  3:31  SCV  
  39  3:38  Supply Depot  
  39  3:40  Raven  
  41  3:42  SCV  
  41  3:44  SCV  
  43  3:51  Hellion  
  45  3:56  SCV  
  45  3:59  SCV  
  45  4:00  Supply Depot, Hellion  
  45  4:01  Barracks Tech Lab  
  49  4:04  Supply Depot  
  49  4:08  SCV  
  50  4:12  SCV  
  51  4:20  SCV  
  51  4:24  Command Center  
  52  4:27  SCV  
  52  4:29  Marine  
  52  4:30  Supply Depot  
  54  4:33  SCV  
  54  4:34  Stimpack  
  55  4:39  SCV  
  55  4:43  Barracks  
  55  4:45  SCV  
  57  4:47  Marine  
  57  4:48  Barracks  
  57  4:49  Starport Reactor  
  57  4:51  SCV  
  59  4:54  Siege Tank  
  59  4:57  SCV  
  63  5:03  SCV  
  63  5:05  Marine  
  65  5:09  SCV  
  64  5:15  SCV  
  64  5:20  Engineering Bay x2  
  56  5:21  SCV  
  56  5:23  Marine, Refinery  
  56  5:24  Refinery  
  56  5:28  SCV, Siege Tank  
  61  5:33  SCV, Marine x2  
  61  5:34  Starport Reactor  
  64  5:39  Orbital Command  
  64  5:40  SCV  
  64  5:42  Marine x3  
  67  5:45  SCV  
  67  5:47  Terran Infantry Armor Level 1, Terran Infantry Weapons Level 1  
  69  5:50  Marine  
  69  5:51  Marine  
  69  5:52  SCV  
  69  5:54  Supply Depot  
  72  5:57  SCV  
  72  6:00  Siege Tank, Marine x3  
  79  6:06  SCV  
  79  6:08  Marine x2  
  79  6:09  Orbital Command  
  82  6:13  SCV  
  82  6:18  SCV, Marine x3  
  85  6:21  Supply Depot, Medivac x2  
  85  6:25  SCV  
  92  6:26  Marine x2  
  92  6:27  Supply Depot  
  92  6:31  SCV  
  95  6:34  Combat Shields  
  95  6:35  Marine  
  95  6:36  SCV, Marine x2  
  95  6:37  SCV  
  95  6:39  Barracks  
  100  6:41  Barracks  
  100  6:43  SCV, Refinery  
  100  6:44  Marine  
  102  6:48  SCV  
  102  6:51  Marine, Medivac x2  
  102  6:53  Marine x2  
  110  6:58  Armory  
  110  7:00  SCV x2  
  112  7:02  Marine x2  
  112  7:04  SCV  
  115  7:09  Marine  
  115  7:18  Siege Tank  
  117  7:26  Supply Depot  
  117  7:27  Supply Depot x2  
  117  7:30  Barracks Reactor x2, Barracks  
  117  7:32  Barracks x2  
  117  7:40  Medivac  
  117  7:41  Marine  
  117  7:42  Marine  
  117  7:43  SCV, Marine x3  
  116  7:48  SCV  
  116  7:50  Siege Tank  
  116  7:51  SCV  
  116  7:55  Medivac  
  118  7:59  Marine x2  
  118  8:01  Marine x3  
  119  8:10  Terran Infantry Armor Level 2, Medivac  
  113  8:15  Marine  
  113  8:16  Marine, Terran Infantry Weapons Level 2  
  113  8:17  Marine x2  
  113  8:19  Marine x3  
  117  8:20  Barracks Reactor, Barracks Tech Lab x2  
  117  8:21  Marine  
  117  8:23  Marine  
  119  8:33  Marine  
  120  8:34  Marine  
  120  8:35  Marine x2, Command Center  
  120  8:36  Marine  
  120  8:38  Siege Tank  
  120  8:39  Sensor Tower  
  120  8:40  Marine x4  
  120  8:41  Marauder  
  133  8:45  Supply Depot  
  133  8:47  Supply Depot  
  133  8:50  Supply Depot  
  133  8:56  Marine x5, Marauder  
  133  8:57  Marine, Concussive Shells  
  141  9:06  Marine x2  
  141  9:08  Marine x2  
  141  9:09  Marauder  
  146  9:10  Siege Tank  
  146  9:11  Liberator  
  146  9:13  Supply Depot x2, Drilling Claws  
  146  9:14  Supply Depot  
  146  9:15  Marine  
  146  9:16  Marauder  
  152  9:17  Liberator  
  152  9:18  Marine  
  152  9:19  Marauder  
  155  9:25  Marine x4  
  155  9:26  Marine  
  155  9:30  Marauder  
  165  9:32  Supply Depot  
  165  9:34  Marine  
  165  9:37  Marauder  
  171  9:42  Siege Tank  
  174  9:47  Marine x4  
  174  9:48  Marauder  
  179  9:54  Marauder  
  179  9:59  Marauder  
  180  10:00  Liberator  
  180  10:04  Marine x2  
  174  10:09  Marauder  
  174  10:11  Marine, Medivac  
  165  10:15  Marauder  
  165  10:16  Siege Tank  
  172  10:23  Marine x5, Marauder  
  172  10:24  Marine  
  172  10:26  Refinery  
  172  10:27  Refinery  
  178  10:30  Marauder  
  178  10:35  Marine  
  181  10:37  Marauder  

Tags
 
Add a new tag
Caveats
  • Supply blocks, unpowered buildings, or Contaminate may cause inaccurate times.
  • Supply counts are checked every 10 seconds.